 Dungeon Crawl Stone Soup version 0.31-a0-662-g684573625c (webtiles) character file.

Game seed: 11741241465136066599

3343 Fodor the Protected (level 9, -3/79 HPs)
             Began as a Minotaur Fighter on Aug 30, 2023.
             Succumbed to orange demon's concentrated venom
             ... on level 8 of the Dungeon on Aug 31, 2023.
             The game lasted 00:41:59 (7194 turns).

Fodor the Protected (Minotaur Fighter)              Turns: 7194, Time: 00:42:00

Health: -3/79      AC: 13    Str: 30    XL:     9   Next: 72%
Magic:  8/8        EV: 10    Int:  5    God:
Gold:   392        SH:  0    Dex: 11    Spells: 8/8 levels left

rFire   x . .        e - +1 scythe (venom)
rCold   + . .        (shield currently unavailable)
rNeg    . . .        b - +0 chain mail
rPois   .            (helmet restricted)
rElec   .            (no cloak)
rCorr   .            (no gloves)
SInv    .            w - +0 pair of boots
Will    .....        m - amulet of the acrobat Stlth
                     p - ring of ice
HPRegen 0.33/turn    v - +6 ring of strength
MPRegen 0.11/turn

%: acrobat
@: brilliant, lethally poisoned (-3 -> -22), weakened, slowed, very slow
A: horns 2, retaliatory headbutt
a: no special abilities


You were on level 8 of the Dungeon.
You visited 2 branches of the dungeon, and saw 9 of its levels.
You also visited: Sewer.

You collected 392 gold pieces.

Inventory:

Hand Weapons
 e - a +1 scythe of venom (weapon)
 x - a +0 orcbow
 P - a +0 morningstar
Missiles
 f - 6 boomerangs (quivered)
 y - 4 curare-tipped darts
 C - 10 poisoned darts
Armour
 b - a +0 chain mail (worn)
 c - a +0 buckler
 w - a +0 pair of boots (worn)
Jewellery
 m - an amulet of the acrobat (around neck)
 p - a ring of ice (left hand)
 v - a +6 ring of strength (right hand)
 O - an amulet of magic regeneration
Talismans
 t - a serpent talisman
 L - a blade talisman
Wands
 h - a wand of digging (6)
 H - a wand of mindburst (15)
 K - a wand of charming (4)
 M - a wand of flame (31)
Scrolls
 g - 3 scrolls of summoning
 i - 3 scrolls of revelation
 j - 2 scrolls of immolation
 k - 3 scrolls of enchant armour
 n - 2 scrolls of amnesia
 r - 3 scrolls of teleportation
 A - a scroll of blinking {unknown}
 G - 2 scrolls of identify
 I - a scroll of fear {unknown}
 J - a scroll of enchant weapon
Potions
 d - a potion of might
 l - 2 potions of attraction {unknown}
 o - 2 potions of mutation {unknown}
 s - 5 potions of brilliance
 u - a potion of berserk rage {unknown}
 B - a potion of resistance {unknown}
 D - a potion of magic {unknown}
 E - a potion of haste {unknown}
 F - 3 potions of curing {unknown}
 N - a potion of invisibility {unknown}


   Skills:
 + Level 7.4 Fighting
 + Level 4.2(4.5) Short Blades
 + Level 2.5(3.9) Long Blades
 + Level 8.9 Polearms
 + Level 0.7 Throwing
 + Level 9.9 Armour
 + Level 4.0 Dodging
 + Level 0.8 Stealth
 + Level 5.3 Shields


You had 8 spell levels left.
You didn't know any spells.
Your spell library contained the following spells:

 Spells                   Type           Power      Damage    Failure   Level
 Blink                    Tloc           0%         N/A       95%         2
 Cigotuvi's Dreadful Rot  Necr/Pois/Air  0%         N/A       95%         2
 Poisonous Vapours        Pois/Air       0%         N/A       95%         2
 Static Discharge         Conj/Air       0%         2-2/arc   95%         2
 Sublimation of Blood     Necr           0%         N/A       95%         2
 Wereblood                Tmut           0%         N/A       95%         2
 Hailstorm                Conj/Ice       0%         3d3       99%         3
 Ignite Poison            Fire/Tmut/Pois 0%         N/A       99%         3
 Mephitic Cloud           Conj/Pois/Air  0%         N/A       99%         3
 Stone Arrow              Conj/Erth      0%         3d7       99%         3
 Airstrike                Air            0%         2d(0-16)  100%        4
 Animate Armour           Summ/Erth      0%         N/A       100%        4
 Dispel Undead            Necr           0%         3d6       100%        4
 Manifold Assault         Tloc           0%         N/A       100%        4
 Sticky Flame             Conj/Fire      0%         2d3       100%        4
 Summon Ice Beast         Ice/Summ       0%         N/A       100%        4
 Summon Lightning Spire   Summ/Air       0%         N/A       100%        4
 Freezing Cloud           Conj/Ice/Air   0%         6-21      100%        5
 Death Channel            Necr           0%         N/A       100%        6
 Simulacrum               Ice/Necr       0%         N/A       100%        6
 Summon Hydra             Summ           0%         N/A       100%        7
 Ignition                 Fire           0%         3d3       100%        8
 Lehudib's Crystal Spear  Conj/Erth      0%         10d2      100%        8


Dungeon Overview and Level Annotations

Branches:
Dungeon (8/15)             Temple (1/1) D:6           Sewer (visited)
   Lair: D:8-11

Altars:
Ashenzari
Cheibriados
Dithmenos
Elyvilon
Fedhas
Hepliaklqana
Kikubaaqudgha
Nemelex Xobeh
Okawaru
Qazlal
Trog
Vehumet
Wu Jian
The Shining One

Annotations:
D:7 3 runed translucent doors, thirtiethelement's ghost, novice DsNe
D:8 Amaemon


Innate Abilities, Weirdness & Mutations

You have a pair of horns on your head.
You reflexively headbutt those who attack you in melee.


Message History

The orange demon closely misses you.
You closely miss Amaemon. Your headbutt misses Amaemon.
Amaemon is moderately wounded.
You feel very sick.
Amaemon hits you with a -1 demon whip of venom.
* * * LOW HITPOINT WARNING * * *
You are more poisoned.
Amaemon claws you.
* * * LOW HITPOINT WARNING * * *
Amaemon tail-slaps you.
* * * LOW HITPOINT WARNING * * *
The orange demon closely misses you.
The orange demon hits you but does no damage.
You feel much better.
You feel very sick.
Amaemon hits you with a -1 demon whip of venom.
You are more poisoned.
Amaemon claws you but does no damage. Amaemon barely misses you.
The orange demon stings you.
* * * LOW HITPOINT WARNING * * *
You are more poisoned.
You have difficulty breathing.
* * * LOW HITPOINT WARNING * * *
You feel yourself slow down.
The orange demon hits you but does no damage.
You slice Amaemon!!
Amaemon is heavily wounded.
* * * LOW HITPOINT WARNING * * *
You feel extremely sick.
The orange demon no longer looks unusually toxic.
Amaemon mumbles some strange words.
The orange demon barely misses you. The orange demon hits you.
* * * LOW HITPOINT WARNING * * *
You feel your attacks grow feeble. Amaemon completely misses you.
You furiously retaliate!
You headbutt Amaemon. Amaemon claws you but does no damage.
Amaemon tail-slaps you but does no damage.
It was a potion of brilliance.
You feel clever all of a sudden.
You die...

.##...........
..$.........#
#!........#
#...:.....####
#.............
#...s...#
##..ss.##
##s46## ###@#
##)#####.#
#.<.......
#..........#
#>#..#######
#.#... . ..###
.###.# ## .##


You could see Amaemon (very poisoned), an orange demon and 4 scorpions.

Vanquished Creatures
  A hornet (D:7)
  Prince Ribbit (D:7)
  Sigmund (D:3)
  Menkaure (D:4)
  An ice beast (D:6)
  A black bear (D:4)
  3 ogres
  2 centaurs
  2 phantoms (D:5)
  3 bullfrogs
  8 kobold brigands (Sewer)
  4 scorpions
  4 killer bees (D:8)
  2 howler monkeys
  3 orc priests
  4 hounds
  A sleepcap (D:4)
  Jessica (D:3)
  3 iguanas
  2 orc wizards
  7 gnolls (D:6)
  5 adders
  4 river rats
  A shadow imp (D:5)
  A white imp (D:5)
  2 ufetubi
  4 worms
  7 dart slugs
  18 orcs
  10 bats
  12 endoplasms
  16 giant cockroaches
  10 goblins
  4 hobgoblins
  8 kobolds
  3 quokkas
  13 ball pythons
  5 frilled lizards
  8 rats
186 creatures vanquished.

Notes
Turn   | Place    | Note
-------+----------+-------------------------------------------
     0 | D:1      | Fodor the Minotaur Fighter began the quest for the Orb.
     0 | D:1      | Reached XP level 1. HP: 19/19 MP: 0/0
    98 | D:1      | Reached XP level 2. HP: 27/27 MP: 1/1
   145 | D:1      | Reached skill level 4 in Armour
   584 | D:1      | Reached XP level 3. HP: 29/33 MP: 2/2
   682 | D:1      | Reached skill level 1 in Short Blades
   970 | D:2      | Found a faded altar of an unknown god.
  1021 | D:2      | Upgraded the game from 0.31-a0-656-gb4d89c20fa to
                  | 0.31-a0-662-g684573625c
  1893 | D:2      | You fall into a shaft and drop 2 floors!
  2016 | D:3      | Noticed Sigmund
  2047 | D:3      | Killed Sigmund
  2048 | D:3      | Reached skill level 5 in Armour
  2048 | D:3      | Reached skill level 1 in Dodging
  2048 | D:3      | Reached XP level 4. HP: 23/41 MP: 3/3
  2048 | D:3      | Reached XP level 5. HP: 26/47 MP: 4/4
  2272 | D:3      | Reached XP level 6. HP: 52/53 MP: 5/5
  2425 | D:3      | Noticed Jessica
  2434 | D:3      | Killed Jessica
  3048 | D:4      | Reached skill level 5 in Shields
  3059 | D:4      | Reached skill level 6 in Armour
  3059 | D:4      | Reached XP level 7. HP: 60/60 MP: 6/6
  3074 | D:4      | Reached skill level 1 in Polearms
  3106 | D:4      | Noticed Menkaure
  3113 | D:4      | Killed Menkaure
  3650 | D:5      | Entered Level 5 of the Dungeon
  3651 | D:5      | Identified the +3 ring mail "Puuwofi" {+Blink rF- Regen+}
  3760 | D:5      | Reached skill level 7 in Armour
  3762 | D:5      | Found a glowing drain.
  3774 | D:5      | Reached skill level 5 in Fighting
  3777 | Sewer    | Entered a sewer
  3899 | Sewer    | Reached XP level 8. HP: 69/69 MP: 7/7
  4205 | Sewer    | Reached skill level 5 in Polearms
  4608 | D:5      | Reached skill level 8 in Armour
  5023 | D:5      | Found a stormy altar of Qazlal.
  5284 | D:6      | Reached XP level 9. HP: 78/78 MP: 8/8
  5292 | D:6      | Found a staircase to the Ecumenical Temple.
  5300 | Temple   | Entered the Ecumenical Temple
  5839 | D:6      | Reached skill level 9 in Armour
  5963 | D:6      | Found a snail-covered altar of Cheibriados.
  6122 | D:7      | Noticed thirtiethelement's ghost (novice DsNe)
  6329 | D:7      | Noticed Prince Ribbit
  6339 | D:7      | Killed Prince Ribbit
  6840 | D:7      | Found a runed translucent gate.
  6840 | D:7      | Found a runed translucent gate.
  6840 | D:7      | Found a runed translucent gate.
  7166 | D:8      | Noticed Amaemon
  7166 | D:8      | Noticed an orange demon
  7194 | D:8      | Succumbed to orange demon's concentrated venom

Illustrated notes

Levels and vault maps discovered:
D:1:      lordsloth_arrival_two_stooges, layout_basic, serial_bayou_pond_b
D:2:      layout_basic, nicolae_ecumenical_pavilion
D:3:      minmay_roachtagon, layout_rooms, uniq_sigmund, uniq_jessica
D:4:      layout_basic, corexii_hall_statues_i, nicolae_figureground_sparkle,
          uniq_menkaure
D:5:      layout_gridville, nicolae_overflow_hidden_temple,
          portal_sewer_entry_b, nicolae_concentric_dashed_squares_mild
D:6:      layout_cave_pools, mainiacjoe_overflow_small_starburst,
          minmay_temple_entry_hall
D:7:      layout_basic, gammafunk_ghost_icy, uniq_prince_ribbit1
D:8:      minmay_diamond_stairs, layout_loops_ring, grunt_gozag_statues,
          lemuel_round_altar, lemuel_tele_altar, mainiacjoe_overflow_alcove_2,
          jmf_multi_god_temple, uniq_amaemon, uniq_pikel
Temple:   nicolae_temple_godzebo

Skill      XL: |  1  2  3  4  5  6  7  8  9 |
---------------+----------------------------+-----
Armour         | 4 5 6 7 8 9 |  9.9
Shields        | 4 5 |  5.3
Short Blades   | 2 3 4 |  4.2
Fighting       | 4 5 6 7 |  7.4
Dodging        | 1 2 3 4 |  4.0
Polearms       | 3 6 8 |  8.9
Long Blades    | |  2.5
Throwing       | |  0.7
Stealth        | |  0.8

Action                     |  1- 3 |  4- 6 |  7- 9 || total
---------------------------+-------+-------+-------++-------
  Melee: Dagger            |    83 |       |       ||    83
         Headbutt          |    15 |    14 |    36 ||    65
         Short sword       |    38 |    52 |       ||    90
         Halberd           |       |    11 |   252 ||   263
  Throw: Boomerang         |       |     4 |       ||     4
    Use: Scroll            |     6 |     4 |       ||    10
         Potion            |     2 |       |     2 ||     4
 Armour: Scale mail        |    48 |       |       ||    48
         Chain mail        |    31 |    43 |   247 ||   321
  Dodge: Dodged            |    97 |    46 |   241 ||   384
  Block: Buckler           |    36 |    20 |       ||    56

Table legend: (Time is in decaauts)
 A = Elapsed time spent in this place.
 B = Non-inter-level travel time spent in this place.
 C = Inter-level travel time spent in this place.
 D = Time resting spent in this place.
 E = Time spent auto-exploring this place.
 F = Levels seen in this place.
 G = Mean time per level.
                   A        B        C        D        E       F      G
               +--------+--------+--------+--------+--------+-----+--------+
         Total |   7447 |   6998 |    449 |    604 |      0 |  10 |  744.7 |
       Dungeon |   6436 |   5987 |    449 |    425 |      0 |   8 |  804.5 |
        Temple |     73 |     73 |      0 |      0 |      0 |   1 |   73.0 |
         Sewer |    937 |    937 |      0 |    179 |      0 |   1 |  937.0 |
               +--------+--------+--------+--------+--------+-----+--------+

Top non-repeatable levels by time:
     D:7: 1117 daAuts
     D:4: 1026 daAuts
     D:1: 970 daAuts
     D:2: 969 daAuts
   Sewer: 937 daAuts
     D:5: 895 daAuts
     D:6: 736 daAuts
     D:3: 689 daAuts
  Temple: 73 daAuts
     D:8: 31 daAuts
